Map: Orbital Shipyard

Players

capac

  • Race: Terran Terran
  • League: Gold

utriv - Winner!

  • Race: Terran Terran
  • League: Gold

VOD

Have the link to the VOD?

Description

Time

  • Played on: Feb. 9, 2016, 12:39 p.m.
  • Length: 14:49
Show
View Real Time Build Order
Export as new Build Order

capac Terran 

Build Orders: Liberator Opening, Bio Tank 

Get SALT Encoding   

  12  0:01  SCV  
  13  0:13  SCV  
  14  0:18  Supply Depot  
  14  0:25  SCV  
  15  0:39  SCV  
  15  0:41  Barracks  
  16  0:48  Refinery  
  16  1:02  SCV  
  17  1:14  SCV  
  18  1:26  SCV  
  19  1:33  Command Center  
  19  1:37  Marine  
  20  1:40  Supply Depot  
  20  1:47  SCV  
  21  2:00  Marine  
  22  2:02  SCV  
  23  2:15  Factory  
  23  2:16  SCV  
  23  2:18  Marine  
  25  2:28  SCV  
  26  2:35  Refinery  
  26  2:37  Barracks Tech Lab  
  26  2:41  SCV  
  27  3:06  Starport  
  27  3:09  SCV  
  29  3:13  Orbital Command  
  28  3:20  Marine  
  29  3:32  Liberator  
  29  3:39  Barracks  
  29  3:40  SCV  
  31  3:42  Barracks  
  31  3:44  Orbital Command  
  33  3:56  Engineering Bay, SCV  
  33  3:58  Marine  
  35  4:08  SCV  
  36  4:16  Marine, Siege Tank  
  40  4:27  Terran Infantry Weapons Level 1  
  40  4:31  SCV  
  40  4:38  Refinery, SCV  
  42  4:39  Refinery  
  42  4:43  SCV, Barracks Reactor x2  
  42  4:44  Barracks Tech Lab  
  43  4:46  Supply Depot  
  43  4:52  SCV  
  44  4:58  Starport Reactor  
  44  5:04  SCV  
  45  5:14  Supply Depot, SCV  
  45  5:16  SCV  
  47  5:22  Marine x4  
  47  5:23  Marine  
  47  5:24  Stimpack  
  47  5:26  SCV  
  53  5:36  Supply Depot  
  53  5:48  Marine x2  
  53  5:49  Marine x3  
  58  5:50  Siege Tank  
  58  5:56  SCV  
  62  5:57  SCV  
  63  6:09  SCV  
  61  6:15  SCV  
  61  6:16  Supply Depot  
  62  6:21  SCV  
  62  6:23  Terran Infantry Armor Level 1  
  62  6:25  Siege Tank  
  66  6:27  Medivac x2  
  70  6:41  SCV x2  
  70  6:42  Command Center  
  70  6:44  Supply Depot  
  70  6:46  Marine x4  
  76  7:00  Barracks  
  76  7:01  Starport  
  76  7:14  Siege Tank  
  79  7:16  Medivac  
  79  7:17  Marine, Medivac  
  79  7:18  Marine x2  
  86  7:24  Supply Depot, Marine x2  
  86  7:25  Supply Depot  
  88  7:30  Armory  
  88  7:33  Combat Shields  
  88  7:35  Engineering Bay, Marine x2  
  88  7:36  Marine  
  91  7:42  SCV x2  
  91  7:43  Marine x2  
  95  7:46  Starport Reactor  
  95  7:51  Factory, Barracks Reactor  
  95  7:53  Marine x2  
  95  7:55  Supply Depot x2  
  97  8:04  Siege Tank  
  100  8:14  Marine x4  
  104  8:20  Supply Depot  
  104  8:23  Marine  
  104  8:26  Supply Depot  
  105  8:28  Supply Depot  
  105  8:32  Terran Infantry Weapons Level 2  
  105  8:40  Orbital Command  
  105  8:41  SCV x2  
  107  8:48  Missile Turret  
  107  8:49  Missile Turret  
  107  8:56  Marine x2  
  107  8:57  Supply Depot, Marine x3  
  107  9:02  Siege Tank  
  115  9:05  Factory Tech Lab  
  115  9:08  SCV  
  115  9:09  SCV  
  101  9:34  Orbital Command  
  101  9:38  Liberator  
  90  9:51  Marine x3  
  90  9:52  Marine x4  
  97  9:53  Siege Tank  
  97  9:54  Medivac x2  
  97  9:59  Missile Turret  
  107  10:18  Refinery, SCV x2  
  109  10:25  Siege Tank  
  109  10:26  Liberator x2  
  112  10:38  Missile Turret  
  118  10:57  Siege Tank  
  118  10:58  Liberator x2  
  127  11:19  Missile Turret  
  127  11:20  Missile Turret  
  127  11:22  Missile Turret  
  127  11:23  Missile Turret  
  106  12:22  Marine x4  
  103  12:23  Marine x3  
  103  12:24  Siege Tank x2  
  114  12:49  Marine x2  
  114  12:50  Marine x4  
  120  12:54  Liberator x4  
  120  12:56  Siege Tank  
  102  14:16  Marine x2  
  102  14:17  Marine x2  
Show
View Real Time Build Order
Export as new Build Order

utriv Terran - Winner!

Build Orders: Bio Tank 

Get SALT Encoding   

  12  0:01  SCV  
  13  0:13  SCV  
  14  0:18  Supply Depot  
  14  0:25  SCV  
  15  0:39  SCV  
  16  0:43  Barracks  
  16  0:51  SCV  
  17  1:02  Refinery  
  17  1:03  SCV  
  18  1:15  SCV  
  19  1:27  Command Center  
  19  1:28  SCV  
  20  1:40  Orbital Command  
  20  1:54  Supply Depot  
  20  1:58  Barracks Reactor  
  20  2:10  SCV  
  21  2:23  SCV  
  22  2:33  Marine  
  22  2:34  Marine  
  23  2:44  SCV  
  23  2:45  Orbital Command  
  23  2:49  Factory  
  24  2:52  Refinery, Marine x2  
  24  2:57  SCV  
  27  3:06  Barracks  
  27  3:08  Engineering Bay  
  27  3:12  SCV  
  28  3:13  SCV  
  28  3:15  Marine x2  
  31  3:24  SCV  
  31  3:25  SCV  
  33  3:35  Factory Tech Lab  
  33  3:36  SCV  
  33  3:38  Marine x2, SCV  
  37  3:46  Starport  
  37  3:48  SCV, Missile Turret  
  37  3:50  Missile Turret, SCV  
  37  3:55  Barracks Tech Lab  
  39  3:57  Siege Tank  
  42  4:04  SCV x2  
  42  4:07  Refinery  
  44  4:10  Marine x2  
  44  4:16  Stimpack  
  46  4:26  Supply Depot  
  46  4:47  Marine x3, Siege Tank, SCV x2  
  54  5:02  Terran Infantry Weapons Level 1  
  54  5:03  Barracks  
  54  5:09  Engineering Bay  
  54  5:14  Supply Depot  
  54  5:19  Supply Depot  
  54  5:35  Terran Infantry Armor Level 1  
  54  5:36  Viking, Marine x2, Siege Tank, SCV  
  54  5:39  Armory  
  54  5:40  Marine, SCV  
  57  6:08  SCV x2  
  59  6:13  Starport Reactor  
  59  6:20  SCV  
  59  6:21  SCV  
  59  6:22  Barracks Reactor  
  59  6:24  Siege Tank  
  64  6:29  Marine x2  
  64  6:30  Marine  
  67  6:41  Command Center  
  67  6:45  Barracks  
  67  6:47  Marine  
  67  6:51  Medivac  
  70  7:00  Supply Depot  
  70  7:01  Supply Depot x2  
  70  7:02  Supply Depot  
  70  7:03  Supply Depot  
  70  7:06  Sensor Tower  
  70  7:17  Combat Shields  
  70  7:21  Marine x5  
  70  7:22  SCV, Medivac  
  78  7:23  SCV  
  78  7:24  Siege Tank  
  82  7:34  SCV  
  82  7:35  SCV  
  82  7:36  Barracks Reactor  
  84  7:47  Refinery, SCV x2  
  84  7:48  Marine x5  
  91  7:56  Siege Tank  
  94  8:18  SCV  
  95  8:20  Orbital Command  
  95  8:21  Marine x4  
  95  8:22  Marine x3  
  102  8:27  Medivac x2  
  102  8:28  Siege Tank  
  109  8:38  SCV  
  109  8:39  SCV  
  111  8:51  Marauder, Marine x4  
  111  8:52  Marine x2  
  111  8:54  Terran Infantry Weapons Level 2  
  119  9:20  Marine  
  119  9:21  Marine x5  
  125  9:37  Marine  
  124  9:40  Medivac  
  124  9:42  Medivac  
  124  9:45  Siege Tank  
  122  9:51  Marine x4  
  122  9:52  Marine x2  
  123  9:55  Marine  
  123  9:56  Orbital Command  
  122  10:10  Medivac  
  122  10:13  Marine  
  125  10:23  Terran Infantry Armor Level 2  
  125  10:25  Supply Depot  
  125  10:26  Supply Depot  
  125  10:27  Supply Depot  
  125  10:30  Supply Depot  
  125  10:46  Marine x2, Siege Tank, SCV x3  
  125  10:47  Marine x4, Medivac  
  125  10:48  Marine  
  140  10:58  SCV  
  140  11:01  Refinery  
  141  11:04  Marine x2  
  141  11:05  Marine  
  141  11:06  Marine x4  
  148  11:19  Siege Tank  
  148  11:22  Marine  
  149  12:06  Marine x5  
  149  12:07  Marine x2  
  156  12:09  Terran Infantry Weapons Level 3  
  156  12:19  Medivac  
  156  12:20  Siege Tank  
  140  12:47  Marauder, Marine x4  
  140  12:48  Marine x2  
  140  12:50  Medivac x2  
  152  12:52  Siege Tank  
  155  13:05  Marine x2  
  157  13:12  Barracks x3  
  157  13:16  Barracks  
  157  13:18  Starport  
  157  13:21  Sensor Tower  
  157  13:48  Supply Depot  
  157  13:49  Supply Depot  
  157  13:50  Supply Depot x2, Marine x3  
  157  13:52  Supply Depot, Marine  
  156  14:07  Viking  
  156  14:08  Viking  
  156  14:09  Siege Tank  
  153  14:29  Marine x2  
  153  14:30  Marine x5  
Tags
 
Add a new tag
Caveats
  • Supply blocks, unpowered buildings, or Contaminate may cause inaccurate times.
  • Supply counts are checked every 10 seconds.